 Dungeon Crawl Stone Soup version 0.19-a0-593-gf2cdb02 (webtiles) character file.

106503 beholder the Warrior (level 16, -4/176 HPs)
             Began as an Ogre Hunter on June 8, 2016.
             Was a High Priest of Hepliaklqana.
             Killed from afar by a manticore (17 damage)
             ... with a volley of spikes
             ... on level 4 of the Shoals on June 10, 2016.
             The game lasted 05:02:47 (28158 turns).

beholder the Warrior (Ogre Hunter)                 Turns: 28158, Time: 05:02:47

Health: -4/176     AC: 12    Str: 24    XL:     16   Next: 44%
Magic:  24/24      EV: 10    Int: 11    God:    Hepliaklqana [*****.]
Gold:   1610       SH:  0    Dex: 11    Spells: 7 memorised, 13 levels left

rFire  + . .     SeeInvis .     K - +5 giant spiked club (freeze)
rCold  + . .     Gourm    .     j - +2 robe {rC+}
rNeg   . . .     Faith    .     (shield currently unavailable)
rPois  .         Spirit   .     (helmet restricted)
rElec  +         Dismiss  .     S - +1 cloak {rF+}
rCorr  .         Reflect  .     (gloves unavailable)
SustAt .         Harm     .     (boots unavailable)
MR     ++...     Clarity  +     G - amulet of regeneration
Stlth  +.........               f - ring of Wofazxar {rElec MR+ AC+4}
                                h - +4 ring of slaying

@: manticore barbs, repel missiles, very resistant to hostile enchantments, very
unstealthy
A: unfitting armour, clarity, tough skin 1
a: Recall Ancestor, Ancestor Identity, Transference, Idealise, Renounce Religion


You were on level 4 of the Shoals.
You worshipped Hepliaklqana.
Hepliaklqana was extremely pleased with you.
You were not hungry.

You visited 6 branches of the dungeon, and saw 25 of its levels.
You also visited: Ice Cave and Volcano.

You collected 2984 gold pieces.
You spent 1374 gold pieces at shops.

Inventory:

Hand Weapons
 b - a +0 flail of holy wrath
 g - a +0 blowgun
 K - a +5 giant spiked club of freezing (weapon)
 Q - a +0 giant club of flaming
Missiles
 a - 5 silver javelins
 c - 12 large rocks
 d - 16 throwing nets
 k - 5 curare-tipped needles
 y - 3 exploding tomahawks
 B - 17 javelins
 F - 33 tomahawks (quivered)
 P - 18 poisoned javelins
 T - 5 needles of paralysis
 X - 13 javelins of returning
Armour
 j - a +2 robe of cold resistance (worn)
 r - a +0 large shield
 S - a +1 cloak of fire resistance (worn)
Jewellery
 f - the ring of Wofazxar (right hand) {rElec MR+ AC+4}
   (You bought it in a shop on level 6 of the Dungeon)

   [ring of protection]

   It affects your AC (+4).
   It insulates you from electricity.
   It affects your resistance to hostile enchantments.
 h - a +4 ring of slaying (left hand)
 G - an amulet of regeneration (around neck)
 O - an uncursed amulet of magic regeneration
Wands
 e - a wand of random effects (9/48)
 t - a wand of acid (0/15)
 M - a wand of acid (0/15)
Scrolls
 m - 2 scrolls of enchant armour
 n - 16 scrolls of remove curse
 v - 6 scrolls of recharging
 z - 4 scrolls of identify
 I - a scroll of fear
 W - 3 scrolls of immolation
Potions
 i - 5 potions of magic
 p - 7 potions of curing
 q - 3 potions of might
 A - 4 potions of agility
 E - a potion of brilliance
 H - a potion of haste
 J - 5 potions of berserk rage
 N - a potion of ambrosia
 R - a potion of resistance
 V - a potion of mutation
 Y - a potion of cure mutation
 Z - 3 potions of flight
Books
 s - a book of Transfigurations

   Spells                             Type                      Level
   a - Irradiate                      Conjuration/Transmutation    5
   b - Statue Form                    Transmutation/Earth          6
   c - Hydra Form                     Transmutation                6
   d - Dragon Form                    Transmutation                7
 x - a Necronomicon

   Spells                             Type                      Level
   a - Haunt                          Necromancy/Summoning         7
   b - Borgnjor's Revivification      Necromancy                   8
   c - Death's Door                   Charms/Necromancy            8
   d - Necromutation                  Transmutation/Necromancy     8
 C - a book of Alchemy

   Spells                             Type                      Level
   a - Sublimation of Blood           Necromancy                   2
   b - Ignite Poison                  Fire/Transmutation/Poison    3
   c - Petrify                        Transmutation/Earth          4
   d - Alistair's Intoxication        Transmutation/Poison         5
   e - Irradiate                      Conjuration/Transmutation    5
 D - a book of the Earth

   Spells                             Type                      Level
   a - Leda's Liquefaction            Hexes/Earth                  4
   b - Bolt of Magma                  Conjuration/Fire/Earth       5
   c - Statue Form                    Transmutation/Earth          6
   d - Iron Shot                      Conjuration/Earth            6
   e - Shatter                        Earth                        9
Miscellaneous
 w - a phial of floods (inert)
Comestibles
 l - 9 meat rations
 u - 2 bread rations
 L - a slice of pizza
 U - 15 chunks of flesh


   Skills:
 + Level 15.1 Fighting
 + Level 14.4 Maces & Flails
 + Level 10.5 Throwing
 + Level 8.7 Armour
 + Level 11.0 Dodging
 - Level 0.7 Stealth
 - Level 6.0 Shields
 + Level 5.9 Spellcasting
 - Level 3.0 Charms
 - Level 3.0 Necromancy
 - Level 3.0 Translocations
 - Level 3.0 Ice Magic
 - Level 2.0 Air Magic
 - Level 11.0 Invocations


You had 13 spell levels left.
You knew the following spells:

 Your Spells              Type           Power        Failure   Level  Hunger
a - Apportation           Tloc           #.........   10%         1    None
b - Blink                 Tloc           N/A          12%         2    ##.....
c - Animate Skeleton      Necr           N/A          10%         1    None
d - Sublimation of Blood  Necr           #.........   12%         2    ##.....
o - Ozocubu's Armour      Chrm/Ice       #.......     21%         3    ###....
r - Repel Missiles        Chrm/Air       #.....       12%         2    ##.....
s - Swiftness             Chrm/Air       #.......     12%         2    ##.....


Dungeon Overview and Level Annotations

Branches:
Dungeon (11/15)            Temple (1/1) D:4            Lair (6/8) D:8
 Shoals (4/4) Lair:6        Snake (0/4) Lair:3        Slime (0/6) Lair:6
    Orc (2/2) D:11            Elf (1/3) Orc:2

Altars:
Ashenzari
Cheibriados
Dithmenos
Elyvilon
Fedhas
Gozag
Hepliaklqana
Kikubaaqudgha
Makhleb
Nemelex Xobeh
Okawaru
Pakellas
Qazlal
Ru
Sif Muna
Trog
Uskayaw
Vehumet
Xom
Yredelemnul
Zin
The Shining One

Shops:
D:5 *   D:6 =   D:11 [   Orc:2 *(*[


Innate Abilities, Weirdness & Mutations

You are too large for most types of armour.
You have tough skin. (AC +1)
You possess an exceptional clarity of mind.


Message History

You take 16 damage, and have 19/176 hp.
You feel much better.
The tentacle slaps your merfolk skeleton!!
Your merfolk skeleton is destroyed!
You hear a splash.
The merfolk impaler hits you but does no damage.
The merfolk impaler hits you with a trident!!
* * * LOW HITPOINT WARNING * * *
You regained 8 hp, and now have 27/176 hp.
The merfolk impaler hits you from afar with a trident!
* * * LOW HITPOINT WARNING * * *
You take 16 damage, and have 11/176 hp.
A manticore comes into view.
A merfolk comes into view. It is wielding a trident.
The merfolk shouts!
There is a stone staircase leading up here.
The manticore flicks its tail.
The volley of spikes hits you!
The barbed spikes become lodged in your body.
You die...

≈≈≈≈≈≈≈ ≈≈≈...
≈≈≈#≈≈≈≈≈#≈≈.....#
≈≈≈≈#≈≈≈#m≈≈..... ####
≈≈≈≈≈#≈#≈H≈≈.... #..#
≈≈≈≈≈≈≈≈≈≈≈≈...#######...
≈≈≈≈≈≈≈≈≈≈≈≈≈.##≈≈≈≈≈##..
≈≈≈≈≈≈≈≈..≈≈.## #....≈##.
≈≈≈≈≈≈≈≈@.≈≈.#≈# .≈≈..≈#.
≈≈≈≈≈≈.m###..#≈.. #≈#..#.
≈≈≈≈≈≈.......#≈.≈##≈≈..#.
≈≈≈≈≈≈.....[.#≈.≈≈≈≈...#.
≈≈≈≈≈≈≈.)...)#≈..#≈..#.#.
≈≈≈)(≈()(.(..##≈..^.#.#..
≈≈≈≈≈≈≈≈.)...≈##≈....#..(
≈≈≈≈≈≈≈≈(....≈≈######..)(
≈≈≈≈≈≈≈≈≈....)≈≈)≈≈≈.).))


You could see a merfolk impaler, a merfolk and a manticore.

Vanquished Creatures
  A kraken (Shoals:3)
  A frost giant (IceCv)
  Ilsuiw (Shoals:4)
  Roxanne (Shoals:2)
  A stone giant (Orc:1)
  Erolcha (D:11)
  2 merfolk impalers
  A hydra (Lair:1)
  Harold (D:11)
  Erica (D:11)
  2 alligator snapping turtles
  2 merfolk avatars
  A death yak (Shoals:2)
  4 dancing weapons
  Nergalle (D:11)
  Urug (Orc:1)
  4 orc high priests (Orc:2)
  Sonja (D:10)
  2 sea snakes
  7 harpies
  3 orc knights
  3 deep elf magi
  2 manticores (Shoals:1)
  2 orc sorcerers (Orc:2)
  An ugly thing (D:11)
  3 griffons
  4 oklob plants (Lair:3)
  A cyclops (Shoals:4)
  4 fauns
  A black mamba (Lair:5)
  Maurice (D:11)
  An ice statue (IceCv)
  4 sirens
  2 water nymphs
  3 spiny frogs
  2 rime drakes
  5 komodo dragons
  11 merfolk
  11 polar bears
  A two-headed ogre (Orc:2)
  2 wind drakes
  3 blink frogs
  3 snapping turtles
  Grinder (D:5)
  A spriggan (Lair:6)
  Sigmund (D:5)
  A water elemental (Shoals:2)
  26 yaks
  A hog (Volcano)
  A wraith (D:11)
  3 hippogriffs
  4 wargs
  A naga (Lair:3)
  8 water moccasins
  3 porcupines
  7 orc warriors
  6 ice beasts (Orc:1)
  A sky beast (D:8)
  11 ogres
  2 phantoms
  2 wasps
  4 centaurs
  15 wolves
  3 crocodiles
  A big kobold (D:11)
  11 giant frogs
  4 scorpions
  8 killer bees
  A wight (D:9)
  An electric eel (Lair:6)
  2 howler monkeys (D:11)
  4 crimson imps
  A quasit (D:11)
  9 jellies
  10 orc priests
  5 hounds
  2 giant frog skeletons
  6 iguanas
  5 worker ants
  19 orc wizards
  8 sheep
  A hound skeleton (D:6)
  A worker ant zombie (D:8)
  A gnoll (D:6)
  6 adders
  49 river rats
  2 shadow imps (D:9)
  5 oozes
  An adder zombie (D:8)
  An adder skeleton (D:10)
  6 worms
  4 dart slugs
  5 giant geckos
  58 orcs
  5 ball pythons
  8 bats
  4 giant cockroaches
  6 goblins
  4 hobgoblins
  8 jackals
  5 quokkas
  A giant gecko skeleton (D:4)
  3 giant newts
  9 kobolds
  A quokka skeleton (D:6)
  14 rats
  A fungus (Lair:6)
  2 plants
  A tentacle (Shoals:3)
520 creatures vanquished.

Vanquished Creatures (collateral kills)
  Jorgrun (Shoals:2)
  Frances (Shoals:2)
  3 merfolk javelineers (Shoals:4)
  2 merfolk impalers
  3 hydras
  A merfolk avatar (Shoals:1)
  Fannar (Orc:1)
  A catoblepas (Shoals:2)
  4 merfolk aquamancers (Shoals:4)
  An alligator snapping turtle (Shoals:3)
  2 death yaks
  2 satyrs
  5 sea snakes
  4 orc knights (Orc:2)
  5 harpies
  2 orc sorcerers (Orc:2)
  5 fauns
  A cyclops (D:11)
  2 manticores
  An oklob plant (Lair:3)
  4 griffons
  3 sirens
  5 water nymphs
  A black mamba (Lair:3)
  A spiny frog (Lair:3)
  5 komodo dragons
  10 merfolk
  7 polar bears (IceCv)
  A troll (D:11)
  5 blink frogs
  6 snapping turtles
  2 spriggans (Lair:6)
  3 water elementals (Shoals:4)
  11 yaks
  A basilisk (Lair:2)
  Grum (D:10)
  A hippogriff (D:10)
  A warg (Orc:2)
  3 water moccasins
  A porcupine (Lair:1)
  A wasp (D:10)
  4 ice beasts
  16 orc warriors
  3 sky beasts
  2 black bears
  2 centaurs
  3 ogres
  A phantom (D:7)
  2 necrophages (D:8)
  20 wolves
  2 crocodiles
  8 giant frogs
  2 scorpions
  7 killer bees
  11 wights
  An electric eel (D:10)
  A howler monkey (D:9)
  4 crimson imps
  A quasit (D:11)
  12 orc wizards
  2 hounds
  A jelly (D:11)
  6 orc priests
  A giant frog skeleton (D:6)
  An iguana (Lair:2)
  4 worker ants
  15 sheep
  A hound zombie (D:8)
  46 river rats
  3 adders
  A shadow imp (D:9)
  2 oozes (D:10)
  An adder zombie (D:8)
  A dart slug (D:5)
  A giant gecko (D:6)
  36 orcs
  A quokka (D:7)
  A bat (D:8)
  A jackal zombie (D:8)
  4 plants
  4 tentacles (Shoals:4)
355 creatures vanquished.

Vanquished Creatures (others)
  A two-headed ogre (Volcano)
  2 hogs (Volcano)
  An orc warrior (Volcano)
  A centaur (Volcano)
  21 battlemagi
  An iguana (Lair:6)
  An orc wizard (Orc:2)
  An ancestor (D:6)
  4 fungi (Lair:5)
  17 plants
  36 tentacles
  1975 tentacle segments
2061 creatures vanquished.

Grand Total: 2936 creatures vanquished

Notes
Turn   | Place    | Note
--------------------------------------------------------------
     0 | D:1      | beholder the Ogre Hunter began the quest for the Orb.
     0 | D:1      | Reached XP level 1. HP: 22/22 MP: 1/1
    60 | D:1      | Reached XP level 2. HP: 18/29 MP: 2/2
    83 | D:1      | Reached skill level 3 in Fighting
   288 | D:1      | Reached skill level 1 in Maces & Flails
   573 | D:1      | Reached XP level 3. HP: 37/37 MP: 3/3
  1152 | D:2      | Found a hide-covered altar of Uskayaw.
  1154 | D:2      | Found a glowing silver altar of Zin.
  1976 | D:2      | Reached XP level 4. HP: 12/48 MP: 4/4
  2790 | D:2      | Reached skill level 4 in Fighting
  3126 | D:3      | Reached XP level 5. HP: 31/54 MP: 5/5
  3878 | D:3      | Found a hazy altar of Hepliaklqana.
  4130 | D:3      | Became a worshipper of Hepliaklqana
  4674 | D:4      | Found a staircase to the Ecumenical Temple.
  4689 | D:4      | Identified the Papyrus of Enchanting Flames (You found it on level 4 of the Dungeon)
  4706 | Temple   | Entered the Ecumenical Temple
  4804 | D:4      | Found a glowing golden altar of the Shining One.
  4806 | D:4      | Noticed a phantom
  4855 | D:4      | Killed a phantom
  4855 | D:4      | Reached skill level 1 in Invocations
  4855 | D:4      | Reached XP level 6. HP: 14/65 MP: 6/6
  5115 | D:4      | Reached skill level 5 in Fighting
  5120 | D:4      | Reached skill level 5 in Throwing
  5652 | D:4      | Reached XP level 7. HP: 67/72 MP: 8/8
  5884 | D:5      | Entered Level 5 of the Dungeon
  5927 | D:5      | Noticed Sigmund
  5928 | D:5      | Killed Sigmund
  5945 | D:5      | Gained mutation: You possess an exceptional clarity of mind. [mutagenic meat]
  6135 | D:5      | Reached skill level 6 in Fighting
  6406 | D:5      | Reached * piety under Hepliaklqana
  6521 | D:5      | Found Gozag's Platinum Reserve.
  6522 | D:5      | Found an opulent altar of Gozag.
  6580 | D:5      | Reached XP level 8. HP: 78/83 MP: 10/10
  6612 | D:5      | Reached skill level 5 in Maces & Flails
  7141 | D:5      | Noticed Grinder
  7145 | D:5      | Killed Grinder
  7473 | D:6      | Reached skill level 7 in Fighting
  7819 | D:6      | Reached skill level 5 in Dodging
  7819 | D:6      | Reached XP level 9. HP: 79/93 MP: 12/12
  8194 | D:6      | Found an iron altar of Okawaru.
  8195 | D:6      | Found a bloodstained altar of Trog.
  8287 | D:6      | Found Issam's Jewellery Shoppe.
  8485 | D:6      | Reached ** piety under Hepliaklqana
  8486 | D:6      | Remembered your ancestor Gaze as a battlemage
  8683 | D:7      | Reached skill level 5 in Invocations
  8691 | D:7      | Reached skill level 8 in Fighting
  8735 | D:7      | Found a stormy altar of Qazlal.
  9906 | D:8      | Found a shimmering altar of Xom.
  9906 | D:8      | Found a burning altar of Makhleb.
  9950 | D:8      | Reached XP level 10. HP: 106/106 MP: 14/14
  9980 | D:8      | Found a staircase to the Lair.
 10063 | D:8      | Noticed a griffon
 10074 | D:8      | Killed a griffon
 10074 | D:8      | Reached skill level 9 in Fighting
 10898 | D:9      | Found a snail-covered altar of Cheibriados.
 10901 | D:9      | Reached *** piety under Hepliaklqana
 11270 | D:9      | Got a shimmering arbalest
 11271 | D:9      | Identified the +6 arbalest of Jeirow {speed, rN+ Str+4 SInv} (You found it on level 9 of the Dungeon)
 11351 | Lair:1   | Entered Level 1 of the Lair of Beasts
 11498 | Lair:2   | Found a white marble altar of Elyvilon.
 12022 | D:6      | Bought the ring of Wofazxar {rElec MR+ AC+4} for 611 gold pieces
 12219 | Lair:1   | Reached skill level 10 in Fighting
 12365 | Lair:1   | Reached **** piety under Hepliaklqana
 12409 | Lair:1   | Reached skill level 1 in Armour
 12515 | Lair:1   | Reached XP level 11. HP: 114/117 MP: 16/16
 12663 | Lair:1   | Noticed an eight-headed hydra
 12674 | Lair:1   | Killed an eight-headed hydra
 13178 | Lair:2   | Reached skill level 10 in Maces & Flails
 13336 | Lair:3   | Learned a level 2 spell: Blink
 13339 | Lair:3   | Learned a level 2 spell: Repel Missiles
 13590 | Lair:3   | Reached skill level 1 in Spellcasting
 13769 | Lair:3   | Found a staircase to the Snake Pit.
 13791 | Lair:3   | Noticed an oklob plant
 13791 | Lair:3   | Noticed an oklob plant
 13791 | Lair:3   | Noticed an oklob plant
 13844 | Lair:3   | Noticed an oklob plant
 13862 | Lair:3   | Killed an oklob plant
 13927 | Lair:3   | Noticed an oklob plant
 14448 | Lair:3   | Killed an oklob plant
 14453 | Lair:3   | Killed an oklob plant
 14455 | Lair:3   | Killed an oklob plant
 14469 | Lair:3   | Killed an oklob plant
 14706 | Lair:4   | Reached XP level 12. HP: 122/128 MP: 18/18
 14803 | Lair:4   | Reached skill level 11 in Fighting
 14966 | Lair:4   | Reached ***** piety under Hepliaklqana
 15266 | Lair:5   | Noticed a six-headed hydra
 15267 | Lair:5   | Killed a six-headed hydra
 15267 | Lair:5   | Reached skill level 5 in Armour
 15352 | Lair:5   | Reached skill level 1 in Air Magic
 15372 | Lair:6   | Found a staircase to the Slime Pits.
 15406 | Lair:6   | Reached skill level 1 in Shields
 15648 | Lair:6   | Reached skill level 1 in Charms
 15835 | Lair:6   | Reached skill level 1 in Translocations
 16316 | Lair:6   | Found a staircase to the Shoals.
 16750 | Lair:5   | Noticed an eight-headed hydra
 16755 | Lair:5   | Killed an eight-headed hydra
 16865 | Lair:5   | Reached skill level 5 in Spellcasting
 17158 | Lair:5   | Reached XP level 13. HP: 131/137 MP: 20/20
 17735 | D:10     | Entered Level 10 of the Dungeon
 17735 | D:10     | Noticed Sonja
 18157 | D:10     | Killed Sonja
 18281 | D:10     | Noticed Grum
 18289 | D:10     | Killed Grum
 18295 | D:10     | Reached skill level 10 in Invocations
 18639 | D:11     | Noticed Maurice
 18660 | D:11     | Killed Maurice
 18971 | D:11     | Noticed Erica
 18992 | D:11     | Killed Erica
 19002 | D:11     | Noticed Erolcha
 19012 | D:11     | Killed Erolcha
 19119 | D:11     | Found a staircase to the Orcish Mines.
 19298 | D:11     | Noticed Nergalle
 19306 | D:11     | Killed Nergalle
 19466 | D:11     | Learned a level 2 spell: Swiftness
 19522 | D:11     | Found Laum's Armour Shoppe.
 19555 | D:11     | Noticed Harold
 19592 | D:11     | Killed Harold
 19764 | Orc:1    | Entered Level 1 of the Orcish Mines
 19809 | Orc:1    | Noticed a stone giant
 19833 | Orc:1    | Found a frozen archway.
 19843 | Orc:1    | Reached skill level 12 in Fighting
 19844 | Orc:1    | Upgraded the game from 0.19-a0-559-ga3d69d0 to 0.19-a0-585-ge40200b
 19870 | Orc:1    | Found a dark tunnel.
 19876 | Volcano  | Entered a volcano
 20286 | IceCv    | Entered an ice cave
 20611 | IceCv    | Reached XP level 14. HP: 136/150 MP: 22/22
 20831 | IceCv    | Reached skill level 5 in Shields
 20986 | IceCv    | Noticed a frost giant
 21008 | IceCv    | Killed a frost giant
 21203 | IceCv    | Got a bloodstained scimitar
 21302 | IceCv    | Identified the +6 scimitar "Izili" {drain, *Confuse Str+2 Dex+3} (You found it in an ice cave)
 21316 | Orc:1    | Killed a stone giant
 21378 | Orc:1    | Reached skill level 13 in Fighting
 21398 | Orc:1    | Noticed Fannar
 21409 | Orc:1    | Killed Fannar
 21773 | Orc:1    | Noticed Urug
 21781 | Orc:1    | Killed Urug
 21978 | Lair:2   | Learned a level 3 spell: Ozocubu's Armour
 22123 | Orc:2    | Entered Level 2 of the Orcish Mines
 22237 | Orc:2    | Reached skill level 10 in Dodging
 22298 | Orc:2    | Found a staircase to the Elven Halls.
 22656 | Orc:2    | Found an iron altar of Okawaru.
 23040 | Orc:2    | Reached skill level 10 in Throwing
 23066 | Orc:2    | Found Yplawk's Antique Weapon Shop.
 23066 | Orc:2    | Found Ulyudu's General Store.
 23069 | Orc:2    | Found Vayruf's Antique Armour Shop.
 23069 | Orc:2    | Found Voaso's Assorted Antiques.
 23094 | Orc:2    | Bought a scroll of brand weapon for 280 gold pieces
 23100 | Orc:2    | Bought a potion of heal wounds for 70 gold pieces
 23103 | Orc:2    | Bought a runed cloak for 144 gold pieces
 23103 | Orc:2    | Bought a glowing robe for 22 gold pieces
 23154 | Orc:2    | Bought a +2 robe of magic resistance for 247 gold pieces
 23237 | Elf:1    | Entered Level 1 of the Elven Halls
 23335 | Elf:1    | HP: 7/153 [poisoned by a battleaxe of venom]
 23947 | Shoals:1 | Entered Level 1 of the Shoals
 23976 | Lair:6   | Learned a level 1 spell: Apportation
 23978 | Lair:6   | Learned a level 1 spell: Animate Skeleton
 24308 | Shoals:1 | Reached XP level 15. HP: 154/162 MP: 23/23
 24309 | Shoals:1 | Upgraded the game from 0.19-a0-585-ge40200b to 0.19-a0-593-gf2cdb02
 24309 | Shoals:1 | Remembered your ancestor Gaze casting Bolt of Magma
 24358 | Shoals:2 | Noticed Jorgrun
 24363 | Shoals:2 | Noticed Roxanne
 24556 | Shoals:2 | Killed Roxanne
 24632 | Shoals:2 | Noticed Frances
 24644 | Shoals:2 | Killed Frances
 24644 | Shoals:2 | Reached skill level 1 in Ice Magic
 24683 | Shoals:2 | Killed Jorgrun
 24683 | Shoals:2 | Reached skill level 1 in Necromancy
 24714 | Shoals:2 | Reached skill level 14 in Fighting
 26719 | Shoals:2 | Got a pitted great sword
 26720 | Shoals:2 | Identified the +9 great sword of Red Wine {flame, rF- Int+2 SInv} (You found it on level 2 of the Shoals)
 27163 | Shoals:3 | Noticed a kraken
 27437 | Shoals:3 | Killed a kraken
 27437 | Shoals:3 | Reached XP level 16. HP: 174/174 MP: 21/24
 27465 | Shoals:3 | Learned a level 2 spell: Sublimation of Blood
 27709 | Shoals:4 | Entered Level 4 of the Shoals
 27949 | Shoals:4 | Noticed Ilsuiw
 27964 | Shoals:4 | Killed Ilsuiw
 27965 | Shoals:4 | Reached skill level 15 in Fighting
 28066 | Shoals:4 | Noticed a kraken
 28158 | Shoals:4 | Killed from afar by a manticore

Vault maps used:
D:1:      enne_arrival_octagon_isle
D:2:      gammafunk_temple_overflow_statue, serial_co_window_serial,
          co_window_of_opportunity_a, co_window_of_opportunity_a,
          co_window_paths_a, co_window_paths_a, co_window_paths_a,
          co_window_of_opportunity_b, co_window_corner_ca, co_window_2corner,
          co_window_sun, co_window_4corner_b, glass_columns_a,
          due_unseen_surprise
D:3:      lemuel_crystal_altar, first_bread
D:4:      nicolae_tso_swordbearing_angel, minmay_temple_entry_statues_fountains
D:5:      nicolae_gozag_zags_fifth_avenue, uniq_sigmund, uniq_grinder
D:6:      grunt_temple_overflow_bloody_war, serial_shops, shop
D:7:      grunt_qazlal_clouds
D:8:      grunt_temple_overflow_champion_of_chaos, due_lair_maze_entry_diamond
D:9:      cheibriados_altar_1
D:10:     hangedman_little_slice_of_home, grunt_ministairs_9,
          nicolae_water_bricks, uniq_grum, uniq_sonja
D:11:     hiddenorc2_lemuel, serial_shops, shop, uniq_erica, uniq_erolcha,
          uniq_maurice, uniq_nergalle, uniq_harold
Temple:   eino_temple_water_12
Lair:2:   basic_altar, infiniplex_staircase_pool_2
Lair:3:   dpeg_oklob_gauntlet, guppyfry_snake_entry_island
Lair:4:   patterned_corridor
Lair:5:   grunt_megastairs_4, bh_autumn_forest_stairs, serial_bayou_shore_a
Lair:6:   gammafunk_lair_bear_cave, elwin_shoals_entry_rocks,
          nicolae_slime_entry_slimehenge, wad_woods_02
Shoals:1: nicolae_shoals_siren_and_animal_friends
Shoals:2: uniq_roxanne, uniq_jorgrun, uniq_frances, uniq_polyphemus
Shoals:4: shoals_end_hangedman, shoal_ilsuiw, uniq_aizul
Orc:1:    portal_ice_cave_entry_ice_beasts, enter_volcano_4, uniq_fannar,
          uniq_urug
Orc:2:    grunt_orc_tribal_feast, okawaru_metal_pillars_1_2
Elf:1:    minmay_elf_crystal_hexagon, uniq_nikola
IceCv:    ice_cave_caverns_01
Volcano:  volcano_village

Skill      XL: |  1  2  3  4  5  6  7  8  9 10 11 12 13 14 15 16 |
---------------+-------------------------------------------------+-----
Dodging        | 2 3 4 5 6 7 8 9 10 11 | 11.0
Fighting       | 3 4 5 6 7 8 10 11 12 13 14 15 | 15.1
Maces & Flails | 1 2 3 4 6 8 9 10 11 13 14 | 14.4
Invocations    | 1 2 4 5 7 8 9 10 11 | 11.0
Throwing       | 5 6 7 8 9 10 | 10.5
Armour         | 1 4 5 6 7 8 |  8.7
Spellcasting   | 3 5 |  5.9
Air Magic      | 2 |  2.0
Shields        | 2 4 5 6 |  6.0
Charms         | 2 3 |  3.0
Translocations | 2 3 |  3.0
Ice Magic      | 3 |  3.0
Necromancy     | 3 |  3.0
Stealth        | |  0.7

Action                   |  1- 3 |  4- 6 |  7- 9 | 10-12 | 13-15 | 16-18 || total
-------------------------+-------+-------+-------+-------+-------+-------++-------
Melee: Whip              |   142 |   260 |    76 |       |       |       ||   478
       Short sword       |     8 |       |       |       |       |       ||     8
       Giant club        |       |       |    19 |       |   212 |       ||   231
       Quarterstaff      |       |       |    20 |       |       |       ||    20
       Giant spiked club |       |       |   114 |   325 |   331 |    35 ||   805
 Fire: Blowgun           |       |       |       |       |    29 |       ||    29
Throw: Large rock        |     1 |    10 |     7 |       |    21 |     1 ||    40
       Tomahawk          |       |       |       |    34 |   157 |    19 ||   210
       Javelin           |       |       |       |       |     6 |     2 ||     8
       Throwing net      |       |       |       |       |     6 |       ||     6
 Cast: Repel Missiles    |       |       |       |     1 |     9 |     2 ||    12
       Blink             |       |       |       |     2 |    19 |     1 ||    22
       Swiftness         |       |       |       |       |     4 |       ||     4
       Animate Skeleton  |       |       |       |       |    13 |    21 ||    34
       Apportation       |       |       |       |       |    12 |       ||    12
Invok: Recall Ancestor   |       |     1 |     1 |     5 |    10 |       ||    17
       Ancestor Life: Ba |       |       |     1 |       |       |       ||     1
       Idealise          |       |       |       |     3 |     7 |     3 ||    13
       Transference      |       |       |       |     1 |    14 |     2 ||    17
Battlemage: Bolt         |       |       |       |       |     1 |       ||     1
Evoke: Wand              |       |       |     5 |    16 |    24 |     1 ||    46
       Phial of floods   |       |       |       |       |     2 |     1 ||     3
       Box of beasts     |       |       |       |       |     2 |       ||     2
  Use: Scroll            |       |       |     5 |    30 |     8 |     1 ||    44
       Potion            |       |       |       |     3 |     7 |     1 ||    11
 Stab: Distracted        |       |       |     2 |     6 |     8 |     1 ||    17
       Sleeping          |       |       |     2 |     5 |     2 |       ||     9
       Invisible         |       |       |       |     2 |       |       ||     2
       Paralysed         |       |       |       |       |    10 |       ||    10
  Eat: Chunk             |     3 |    12 |    15 |    19 |    30 |     2 ||    81
       Meat ration       |       |       |       |     1 |     1 |       ||     2
       Beef jerky        |       |       |       |       |       |     1 ||     1
Armor: Robe              |    43 |    39 |    34 |    94 |   196 |    20 ||   426
       Animal skin       |       |       |       |       |    10 |       ||    10
Dodge: Dodged            |    66 |   127 |   142 |   234 |   491 |    41 ||  1101
       Deflected         |       |       |       |     2 |    23 |     7 ||    32
